 Dungeon Crawl Stone Soup version 0.20.1-1-g8b1a95d (webtiles) character file.

611 pstr the Nimble (level 7, -9/39 HPs)
             Began as a Kobold Conjurer on Nov 19, 2017.
             Mangled by an orc warrior
             ... wielding a +0 scimitar
              (15 damage)
             ... on level 6 of the Dungeon.
             The game lasted 00:14:26 (6156 turns).

pstr the Nimble (Kobold Conjurer)                   Turns: 6156, Time: 00:14:26

Health: -9/39      AC:  4    Str:  9    XL:     7   Next: 72%
Magic:  6/18       EV: 21    Int: 19    God:
Gold:   205        SH:  0    Dex: 20    Spells: 14/22 levels left

rFire    . . .     SeeInvis .   y - +8 quarterstaff "Dumig" {crush, -Tele Dex+5}
rCold    + . .     Gourm    .   (shield currently unavailable)
rNeg     . . .     Faith    .   d - +0 leather armour
rPois    .         Spirit   .   u - +0 helmet
rElec    .         Reflect  .   (no cloak)
rCorr    .         Harm     .   (no gloves)
MR       .....     NoTele   +   (no boots)
Stlth    ++++......             (no amulet)
Regen    0.2/turn               g - +4 ring of strength
MPRegen  0.2/turn               h - ring of flight

@: very slightly contaminated
A: talons 1, carnivore 3, cold resistance 1, robust 1
a: Evoke Flight


You were on level 6 of the Dungeon.
You were completely stuffed.

You visited 2 branches of the dungeon, and saw 7 of its levels.

You collected 205 gold pieces.

Inventory:

Hand Weapons
 j - a +2 dagger of venom
 y - the +8 quarterstaff "Dumig" (weapon) {crush, -Tele Dex+5}
   (You found it on level 5 of the Dungeon)

   It inflicts extra damage upon your enemies.
   It affects your dexterity (+5).
   It prevents most forms of teleportation.
Missiles
 i - 66 arrows
 r - 120 stones (quivered)
Armour
 a - a +0 robe
 d - a +0 leather armour (worn)
 u - a +0 helmet (worn)
Jewellery
 g - a +4 ring of strength (left hand)
 h - a ring of flight (right hand)
 p - an uncursed ring of resist corrosion
 B - an uncursed ring of protection from cold {unknown}
Scrolls
 e - 6 scrolls of identify
 n - 3 scrolls of remove curse
 o - 2 scrolls of enchant weapon
 q - a scroll of blinking
 s - 4 scrolls of teleportation {unknown}
 t - a scroll of immolation {unknown}
 w - 2 scrolls of fear {unknown}
 x - 2 scrolls of recharging {unknown}
Potions
 f - a potion of agility
 k - 2 potions of mutation
 v - 2 potions of flight {unknown}
 A - a potion of heal wounds {unknown}
 C - a potion of lignification {unknown}
 E - a potion of magic {unknown}
Books
 b - a book of Conjurations

   Spells                             Type                      Level
   a - Magic Dart                     Conjuration                  1
   b - Searing Ray                    Conjuration                  2
   c - Dazzling Spray                 Conjuration/Hexes            3
   d - Fulminant Prism                Conjuration/Hexes            4
   e - Force Lance                    Conjuration/Translocation    4
   f - Iskenderun's Mystic Blast      Conjuration                  4
 m - a Young Poisoner's Handbook

   Spells                             Type                      Level
   a - Sting                          Conjuration/Poison           1
   b - Poisonous Vapours              Poison/Air                   2
   c - Mephitic Cloud                 Conjuration/Poison/Air       3
   d - Olgreb's Toxic Radiance        Poison                       4
   e - Venom Bolt                     Conjuration/Poison           5
Comestibles
 c - 3 meat rations
 l - 3 royal jellies


   Skills:
 + Level 1.0 Armour
 + Level 8.9 Dodging
 + Level 8.1 Stealth
 + Level 8.2 Spellcasting
 + Level 7.3 Conjurations
 + Level 0.6 Poison Magic


You had 14 spell levels left.
You knew the following spells:

 Your Spells              Type           Power        Failure   Level  Hunger
a - Magic Dart            Conj           ####         1%          1    None
b - Searing Ray           Conj           #####.       1%          2    None
c - Sting                 Conj/Pois      ###.         2%          1    None
d - Iskenderun's Mystic   Conj           #####...     6%          4    ###....


Dungeon Overview and Level Annotations

Branches:
Dungeon (6/15)             Temple (1/1) D:5

Altars:
Ashenzari
Dithmenos
Elyvilon
Fedhas
Kikubaaqudgha
Makhleb
Nemelex Xobeh
Uskayaw
Vehumet
Yredelemnul
Zin
The Shining One


Innate Abilities, Weirdness & Mutations

You are small and have problems with some larger weapons.
You are carnivorous and can eat meat at any time.
You have sharp toenails.
Your flesh is cold resistant. (rC+)
You are robust. (+10% HP)


Message History

Press: ? - help, Shift-Dir - straight line, f - orc priest, p - orc warrior
Aim: an orc priest, wearing a glowing scale mail (moderately wounded)
The sting misses the orc priest.
The orc priest misses you. The orc warrior barely misses you.
There is an open door here.
The orc priest invokes the aid of Beogh against you.
Beogh smites you!
The orc priest invokes the aid of Beogh against you.
Beogh smites you!
The orc priest looks satisfied for a moment.
You feel better.
The orc priest mumbles some strange prayers to Beogh against you.
Beogh smites you!
* * * LOW HITPOINT WARNING * * *
The orc priest looks satisfied for a moment.
It was a potion of mutation.
You feel extremely strange.
You feel resistant to cold.
Your toenails lengthen and sharpen.
You feel robust.
The orc warrior hits you with a scimitar!
You die...

#.....######.......#
#......#...#########
#......'....#
#.....##....#
##+#####...#######
#......#...##.....
#......#..........
#.....##..........
#.....##)o@....... .
#..........##..... ...
#....o.....# .....
.....###o####........
.
...)........#........
#####..h....#...##....
#.......#...# ....
#.......#.... ...
#.......#....+ ..


You could see an orc warrior, an orc priest and an orc.

Vanquished Creatures
  The ghost of hilaritas the Magician, an amateur DEIE (D:3)
  The ghost of barbarian the Ducker, an amateur DsGl (D:4)
  A howler monkey (D:6)
  A hound (D:5)
  A bullfrog skeleton (D:6)
  An orc priest (D:5)
  An orc wizard (D:5)
  7 adders
  An adder skeleton (D:4)
  5 dart slugs
  3 leopard geckos
  10 orcs
  11 giant cockroaches
  7 hobgoblins
  5 jackals
  4 quokkas
  A ball python (D:2)
  2 bats (D:1)
  5 frilled lizards
  11 goblins
  8 kobolds
  A leopard gecko skeleton (D:5)
  2 quokka skeletons
  8 rats
98 creatures vanquished.

Notes
Turn   | Place    | Note
-------+----------+-------------------------------------------
     0 | D:1      | pstr the Kobold Conjurer began the quest for the Orb.
     0 | D:1      | Reached XP level 1. HP: 10/10 MP: 3/3
   723 | D:1      | Reached XP level 2. HP: 8/15 MP: 0/5
   727 | D:1      | Learned a level 2 spell: Searing Ray
  1492 | D:1      | Reached XP level 3. HP: 13/19 MP: 2/6
  2267 | D:2      | You fall through a shaft for 2 floors!
  2273 | D:4      | Reached XP level 4. HP: 24/24 MP: 3/8
  2385 | D:4      | Noticed barbarian's ghost (amateur DsGl)
  3262 | D:3      | Reached XP level 5. HP: 28/28 MP: 4/9
  3335 | D:3      | Noticed hilaritas's ghost (amateur DEIE)
  3348 | D:3      | Reached XP level 6. HP: 13/32 MP: 1/16
  3780 | D:3      | Killed hilaritas's ghost
  4271 | D:3      | Learned a level 1 spell: Sting
  4724 | D:4      | Reached XP level 7. HP: 36/36 MP: 12/18
  4927 | D:4      | Found an ancient bone altar of Kikubaaqudgha.
  4927 | D:4      | Found a shadowy altar of Dithmenos.
  4966 | D:4      | Killed barbarian's ghost
  5133 | D:5      | Entered Level 5 of the Dungeon
  5166 | D:5      | Got a brightly glowing quarterstaff
  5167 | D:5      | Identified the +8 quarterstaff "Dumig" {crush, -Tele Dex+5} (You found it on level 5 of the Dungeon)
  5267 | D:5      | Found a staircase to the Ecumenical Temple.
  5286 | Temple   | Entered the Ecumenical Temple
  5508 | D:5      | Found a hide-covered altar of Uskayaw.
  5782 | D:5      | Learned a level 4 spell: Iskenderun's Mystic Blast
  6054 | D:6      | Reached skill level 1 in Armour
  6156 | D:6      | Gained mutation: Your flesh is cold resistant. (rC+) [potion of mutation]
  6156 | D:6      | Gained mutation: You have sharp toenails. [potion of mutation]
  6156 | D:6      | Gained mutation: You are robust. (+10% HP) [potion of mutation]
  6156 | D:6      | Mangled by an orc warrior

Skill      XL: |  1  2  3  4  5  6  7 |
---------------+----------------------+-----
Stealth        | 3 7 8 |  8.1
Spellcasting   | 3 7 8 |  8.2
Dodging        | 8 |  8.9
Conjurations   | 7 |  7.3
Armour         | 1 |  1.0
Poison Magic   | |  0.6

Action                   |  1- 3 |  4- 6 |  7- 9 || total
-------------------------+-------+-------+-------++-------
Melee: Unarmed           |     2 |       |       ||     2
       Quarterstaff      |       |       |     2 ||     2
 Cast: Magic Dart        |    69 |    53 |     2 ||   124
       Searing Ray       |     2 |    19 |     4 ||    25
       Sting             |       |    21 |    38 ||    59
       Iskenderun's Myst |       |       |     1 ||     1
  Use: Potion            |       |     4 |     2 ||     6
       Scroll            |       |     3 |     1 ||     4
  Eat: Chunk             |    13 |     8 |     4 ||    25
Armor: Leather armour    |     3 |     3 |     2 ||     8
Dodge: Dodged            |     9 |    19 |    18 ||    46
